 Dungeon Crawl Stone Soup version 0.28-a0-8-g6e044cfa68 (webtiles) character file.

Game seed: 7911417628628313646

1605 ezpacito the Chopper (level 8, -1/93 HPs)
             Began as a Demonspawn Berserker on July 24, 2021.
             Was a Priest of Trog.
             Succumbed to a gnoll sergeant's poison
             ... on level 5 of the Dungeon.
             The game lasted 00:08:33 (6679 turns).

ezpacito the Chopper (Demonspawn Berserker)         Turns: 6679, Time: 00:08:33

Health: -1/93      AC: 12    Str: 17    XL:     8   Next: 63%
Magic:  8/8        EV:  8    Int:  8    God:    Trog [***...]
Gold:   265        SH:  0    Dex: 16    Spells: 7/7 levels left

rFire   . . .      SeeInvis .   a - +0 hand axe
rCold   . . .      Faith    .   (no shield)
rNeg    . . .      Spirit   .   q - +0 chain mail
rPois   .          Reflect  .   (no helmet)
rElec   .          Harm     .   t - +0 cloak
rCorr   .          Rampage  .   (no gloves)
Will    .....                   (no boots)
Stlth   ..........              i - amulet of magic regeneration
HPRegen 0.25/turn               n - ring of flight
MPRegen 0.36/turn               (no ring)

@: mighty, berserking (expiring), lethally poisoned (-1 -> -41), weak-willed,
flying, very quick
A: talons 1, thin metallic scales 1
a: Renounce Religion, Berserk, Trog's Hand


You were on level 5 of the Dungeon.
You worshipped Trog.
Trog was most pleased with you.
You visited 1 branch of the dungeon, and saw 5 of its levels.
You also visited: Ossuary.

You collected 265 gold pieces.

Inventory:

Hand Weapons
 a - a +0 hand axe (weapon)
 e - a +2 whip of freezing
 f - a +0 scythe
 s - a +4 quarterstaff of chaos
 u - the +7 mace of the Genius {drain, Int+6}
   (You found it on level 4 of the Dungeon)

   A truly terrible weapon, it drains the life of any living foe it strikes.
   Int:       It affects your intelligence (+6).
Missiles
 d - 215 stones (quivered)
 p - 22 poisoned darts
Armour
 q - a +0 chain mail (worn)
 t - a +0 cloak (worn)
Jewellery
 i - an amulet of magic regeneration (around neck)
 n - a ring of flight (left hand)
Scrolls
 b - a scroll of magic mapping
 c - 4 scrolls of noise
 g - 3 scrolls of teleportation
Potions
 h - 2 potions of lignification
 m - 2 potions of flight
 o - a potion of degeneration {unknown}


   Skills:
 + Level 5.1 Fighting
 * Level 5.9 Axes
 + Level 3.2 Throwing
 + Level 3.9 Armour
 + Level 4.0 Dodging
 + Level 3.1 Unarmed Combat
 + Level 2.4 Evocations


You had 7 spell levels left.
You didn't know any spells.
Your spell library was empty.

Dungeon Overview and Level Annotations

Branches:
Dungeon (5/15)             Temple (0/1) D:5         Ossuary (visited)

Altars:
Makhleb
Wu Jian

Annotations:
D:5 Edmund


Innate Abilities, Weirdness & Mutations

You have sharp toenails.
You are partially covered in thin metallic scales. (AC +2)


Message History

The gnoll sergeant hits you from afar with a +0 spear of venom!
You are poisoned.
You feel very sick.
The gnoll hits you from afar with a +0 halberd.
The gnoll sergeant hits you but does no damage.
You are more poisoned.
Items here: )))) ††.
You hit the gnoll sergeant but do no damage.
You feel very sick.
The gnoll hits you from afar with a +0 halberd!
The gnoll sergeant hits you with a +0 spear of venom.
You are more poisoned.
You barely miss the gnoll sergeant. You claw the gnoll sergeant.
The gnoll sergeant is lightly wounded.
You feel very sick.
You hit the gnoll sergeant. You claw the gnoll sergeant.
The gnoll sergeant is moderately wounded.
You feel very sick.
A gnoll comes into view. It is wielding a +0 halberd.
An iguana comes into view.
The gnoll hits you from afar with a +0 halberd.
* * * LOW HITPOINT WARNING * * *
The gnoll sergeant hits you with a +0 spear of venom.
* * * LOW HITPOINT WARNING * * *
You are more poisoned.
You barely miss the gnoll sergeant. You claw the gnoll sergeant.
The gnoll sergeant is heavily wounded.
* * * LOW HITPOINT WARNING * * *
You feel very sick.
You hit the gnoll sergeant.
The gnoll sergeant is severely wounded.
* * * LOW HITPOINT WARNING * * *
You feel very sick. The gnoll barely misses you.
The gnoll sergeant hits you with a +0 spear of venom!
* * * LOW HITPOINT WARNING * * *
You are more poisoned.
You barely miss the gnoll sergeant. You claw the gnoll sergeant.
The gnoll sergeant is severely wounded.
You die...

,,,,,,,,,,,,,,,,** *,**,,,*
,**************,,*********,**,,,*
,* *,,,,,..,,,,,,,,,,,,*,**,,,*
,* *,****#..,#+#,,,*##.*,**,,,*
,*****,***##..,#.#,,,....*,,,,,,+
,,,,,,,,,,,..###.###.....#*******
,*****,****#.+...).+......,,,,,,+
,* *,* #.###.###....#*******+ ,*
*,* ##...#@#......# *,,,,, ,* *,*
#....#g#......# *,,,,, ,*
#.####!....g....#*** *,,,,, ,*
#.....$.....l..## ****#+
,****############.g#############.
,,,,,,,,,......<.................
,********######..#[.######.######
,,,,,,,,,,,,.....#...........,,,,
,**********#########.#####.###***


You could see a gnoll sergeant, an iguana and 2 gnolls.

Vanquished Creatures
  Pikel (D:5)
  Sigmund (D:4)
  Duvessa (D:4)
  A necrophage (D:4)
  A lemure (D:5)
  A phantom (D:4)
  A bullfrog (D:3)
  Dowan (D:4)
  2 scorpions (D:4)
  2 human zombies (Ossuary)
  A hound (D:4)
  2 orc priests
  Crazy Yiuf (D:4)
  Ijyb (D:4)
  Natasha (thrice) (D:4)
  4 mummies (Ossuary)
  Robin (D:3)
  A gnoll (D:5)
  4 adders
  2 adder zombies (Ossuary)
  6 dart slugs
  8 orcs
  3 bats
  4 endoplasms
  3 giant cockroaches
  A gnoll zombie (Ossuary)
  9 goblins
  11 hobgoblins
  3 jackals (D:4)
  8 kobolds
  7 quokkas
  2 ball pythons
  4 frilled lizards
  2 hobgoblin zombies (Ossuary)
  2 jackal zombies (Ossuary)
  A kobold zombie (Ossuary)
  An orc zombie (Ossuary)
  4 rats
  A rat zombie (Ossuary)
112 creatures vanquished.

Notes
Turn   | Place    | Note
-------+----------+-------------------------------------------
     0 | D:1      | ezpacito the Demonspawn Berserker began the quest for the
                  | Orb.
     0 | D:1      | Reached XP level 1. HP: 18/18 MP: 1/1
   117 | D:1      | Found a faded altar of an unknown god.
   379 | D:1      | Gained mutation: You have sharp toenails. [demonic
                  | ancestry]
   379 | D:1      | Reached XP level 2. HP: 24/24 MP: 2/2
   552 | D:1      | You fall into a shaft and drop 1 floor!
  1056 | D:1      | Reached XP level 3. HP: 29/29 MP: 3/3
  2103 | D:2      | Found Upipsili's Magic Scroll Shoppe.
  2225 | D:2      | Reached XP level 4. HP: 30/35 MP: 4/4
  2695 | D:3      | Reached ** piety under Trog
  2727 | D:3      | Found a burning altar of Makhleb.
  2791 | D:3      | Noticed a bullfrog
  2796 | D:3      | Killed a bullfrog
  2797 | D:3      | Reached skill level 1 in Unarmed Combat
  2797 | D:3      | Gained mutation: You are partially covered in thin metallic
                  | scales. (AC +2) [demonic ancestry]
  2797 | D:3      | Reached XP level 5. HP: 30/41 MP: 5/5
  2924 | D:3      | Noticed Robin
  2950 | D:3      | Reached skill level 1 in Throwing
  2952 | D:3      | Killed Robin
  3925 | D:4      | Found an ornate altar of the Wu Jian Council.
  3943 | D:4      | Reached XP level 6. HP: 34/48 MP: 6/6
  4085 | D:4      | Noticed Duvessa
  4086 | D:4      | Noticed Dowan
  4092 | D:4      | Killed Duvessa
  4133 | D:4      | Killed Dowan
  4444 | D:4      | Found a runed translucent door.
  4445 | D:4      | Noticed Crazy Yiuf
  4453 | D:4      | Killed Crazy Yiuf
  4464 | D:4      | Identified the +7 mace of the Genius {drain, Int+6}
  4684 | D:4      | Reached XP level 7. HP: 40/54 MP: 7/7
  4771 | D:4      | Noticed Ijyb
  4817 | D:4      | Killed Ijyb
  4983 | D:4      | Noticed Sigmund
  5001 | D:4      | Killed Sigmund
  5002 | D:4      | Reached skill level 5 in Axes
  5002 | D:4      | Reached skill level 1 in Evocations
  5092 | D:4      | Noticed Natasha
  5095 | D:4      | Killed Natasha
  5345 | D:4      | Noticed Natasha
  5351 | D:4      | Killed Natasha
  5463 | D:4      | Noticed Natasha
  5477 | D:4      | Killed Natasha
  5482 | D:4      | Reached *** piety under Trog
  5826 | D:5      | Entered Level 5 of the Dungeon
  5848 | D:5      | Noticed Pikel
  5862 | D:5      | Killed Pikel
  5863 | D:5      | Reached skill level 5 in Fighting
  5863 | D:5      | Reached XP level 8. HP: 62/62 MP: 8/8
  5872 | D:5      | Noticed Edmund
  5933 | D:5      | Found a sand-covered staircase.
  5939 | Ossuary  | Entered an ossuary
  6678 | D:5      | HP: 4/93 [gnoll sergeant (8)]
  6679 | D:5      | Succumbed to a gnoll sergeant's poison

Illustrated notes

Levels and vault maps discovered:
D:1:      lightli_arrival_maybe_door_vault, layout_loops_ring,
          hellmonk_ecumenical_altar_zigzags
D:2:      layout_basic, serial_shops, nicolae_shop_statue_plus,
          ebering_dispersal_statue_hall, minmay_cut_off
D:3:      layout_basic, nicolae_overflow_hidden_temple, uniq_robin
D:4:      layout_loops_ring, nicolae_wu_jian_wuxing_cycle,
          uniq_crazy_yiuf_cottage, uniq_natasha, uniq_ijyb, uniq_sigmund,
          uniq_duvessa
D:5:      layout_basic, chequers_temple_overflow_statue_of_worship,
          lemuel_temple_firewalk_a, nicolae_ossuary_entry_plus, st_stairs_7,
          abandoned_shop, uniq_edmund, uniq_pikel

Skill      XL: |  1  2  3  4  5  6  7  8 |
---------------+-------------------------+-----
Axes           | 3 4 5 |  5.9
Armour         | 2 3 |  3.9
Dodging        | 2 3 4 |  4.0
Unarmed Combat | 1 2 3 |  3.1
Throwing       | 1 3 |  3.2
Fighting       | 4 5 |  5.1
Evocations     | 2 |  2.4

Action                   |  1- 3 |  4- 6 |  7- 9 || total
-------------------------+-------+-------+-------++-------
Melee: Hand axe          |    90 |   166 |   203 ||   459
       Kick              |    17 |    44 |    61 ||   122
       Punch             |       |     1 |     1 ||     2
Throw: Stone             |       |     4 |       ||     4
Invok: Berserk           |     2 |     1 |     6 ||     9
       Trog's Hand       |       |       |     2 ||     2
Evoke: Wand              |       |       |    14 ||    14
  Use: Potion            |       |     2 |    11 ||    13
       Scroll            |       |       |    10 ||    10
 Stab: Sleeping          |     1 |       |       ||     1
Armor: Animal skin       |     2 |       |       ||     2
       Ring mail         |    23 |    31 |       ||    54
       Chain mail        |       |    23 |   115 ||   138
       Skin              |       |    33 |    30 ||    63
Dodge: Dodged            |    57 |    62 |    83 ||   202

Table legend: (Time is in decaauts)
 A = Elapsed time spent in this place.
 B = Non-inter-level travel time spent in this place.
 C = Inter-level travel time spent in this place.
 D = Time resting spent in this place.
 E = Time spent auto-exploring this place.
 F = Levels seen in this place.
 G = Mean time per level.
                   A        B        C        D        E       F      G
               +--------+--------+--------+--------+--------+-----+--------+
         Total |   6772 |   6558 |    214 |   1004 |   4515 |   6 | 1128.7 |
       Dungeon |   6044 |   5830 |    214 |    715 |   4291 |   5 | 1208.8 |
       Ossuary |    727 |    727 |      0 |    289 |    224 |   1 |  727.0 |
               +--------+--------+--------+--------+--------+-----+--------+

Top non-repeatable levels by time:
     D:4: 2168 daAuts
     D:1: 1263 daAuts
     D:2: 1246 daAuts
     D:3: 1232 daAuts
 Ossuary: 727 daAuts
     D:5: 134 daAuts
